 Dungeon Crawl Stone Soup version 0.26-a0-1147-g3780a7a11b (webtiles) character file.

Game seed: 1364085580938787638

312 hatsuma the Charlatan (level 6, -3/52 HPs)
             Began as a Deep Dwarf Artificer on Dec 22, 2020.
             Killed by divine providence
             ... invoked by an orc priest
              (14 damage)
             ... on level 4 of the Dungeon.
             The game lasted 00:31:11 (2770 turns).

hatsuma the Charlatan (Deep Dwarf Artificer)        Turns: 2770, Time: 00:31:12

Health: -3/52      AC:  9    Str: 15    XL:     6   Next: 18%
Magic:  6/6        EV:  8    Int: 12    God:
Gold:   251        SH:  0    Dex: 15    Spells: 5/5 levels left

rFire    . . .     SeeInvis .   y - +0 hand axe
rCold    . . .     Faith    .   (no shield)
rNeg     . . .     Spirit   .   b - +0 chain mail
rPois    .         Reflect  .   (no helmet)
rElec    .         Harm     .   (no cloak)
rCorr    .         Rampage  .   (no gloves)
Will     .....                  (no boots)
Stlth    ..........             (no amulet)
HPRegen  0.00/turn              (no ring)
MPRegen  0.10/turn              (no ring)

@: non-regenerating
A: damage resistance, heal wounds, sense surroundings 1, no regeneration
a: Heal Wounds


You were on level 4 of the Dungeon.
You visited 1 branch of the dungeon, and saw 4 of its levels.

You collected 251 gold pieces.

Inventory:

Hand Weapons
 q - a +0 dagger
 y - a +0 hand axe (weapon)
Missiles
 f - 7 javelins (quivered)
 g - 5 poisoned darts
 h - 62 bolts
 i - 43 sling bullets
 m - 4 boomerangs
 n - 154 stones
Armour
 b - a +0 chain mail (worn)
 t - a +0 ring mail of cold resistance
 x - a +0 ring mail of cold resistance
Wands
 c - a wand of flame (9)
 d - a wand of enslavement (9)
 e - a wand of random effects (2)
Scrolls
 a - 3 scrolls of teleportation {unknown}
 j - a scroll of fear {unknown}
 o - a scroll of magic mapping {unknown}
 p - 3 scrolls of amnesia
 r - a scroll of enchant armour {unknown}
 u - a scroll of random uselessness {unknown}
 v - a scroll of noise {unknown}
 w - a scroll of fog {unknown}
Potions
 k - 2 potions of lignification
 l - 4 potions of curing
 s - 2 potions of might {unknown}


   Skills:
 - Level 1.8 Fighting
 - Level 4.5 Armour
 - Level 3.0 Dodging
 - Level 3.0 Stealth
 + Level 5.7 Evocations


You had 5 spell levels left.
You didn't know any spells.
Your spell library was empty.

Dungeon Overview and Level Annotations

Branches:
Dungeon (4/15)
 Temple: D:4-7

Altars:
Cheibriados
Beogh

Annotations:
D:2 1 runed translucent door, Crazy Yiuf, Terence


Innate Abilities, Weirdness & Mutations

You are resistant to damage.
You can heal yourself by infusing magical energy.
You passively map a small area around you.
You do not regenerate.


Message History

Reactivating autopickup.
Your orc priest hits the orc priest with a +0 flail!
The orc priest dies!
Your orc priest looks more experienced.
You see here a +0 dagger.
You start waiting.
The orc priest is no longer charmed.
The orc priest hits you but does no damage.
You closely miss the orc priest.
The orc priest is severely wounded.
The orc priest hits you with a +0 flail.
* * * LOW HITPOINT WARNING * * *
You hit the orc priest.
The orc priest is almost dead.
The orc priest hits you with a +0 flail.
You closely miss the orc priest.
The orc priest is almost dead.
The orc priest mumbles some strange prayers to Beogh against you.
Beogh smites you!
You die...

##.## , , * ##.#..###
#.# * , *#........ #.# 8
#.##.#### ##_o...o.##.#
, ##.#.8$8.####.## * ,*
##..##..$#* #...# * ,
##....#### ###...### ,
,####...########........
+
+.....@o)..............
# ,,
,####...########.##...##
#.......# #.##..## * ,**
#.##.##.# #.##.## ,
#.##.##.# #.##.#* *#+#
#.##.##.# #....., #.#
#.......# ####.# #.#
####.#### #.# ##.## #.#
#.#


You could see an orc priest.

Vanquished Creatures
  A centaur zombie (D:4)
  An orc priest (D:3)
  Jessica (D:3)
  2 worker ants (D:4)
  3 adders
  An ufetubus (D:2)
  4 worms
  4 dart slugs
  4 leopard geckos
  An orc (D:3)
  A ball python (D:3)
  A giant cockroach (D:1)
  3 goblins
  7 hobgoblins
  10 jackals
  2 kobolds
  2 quokkas
  7 bats
  3 frilled lizards
  6 rats
64 creatures vanquished.

Vanquished Creatures (collateral kills)
  An orc wizard (D:3)
  2 orc priests (D:4)
  A goblin (D:2)
  A kobold (D:3)
5 creatures vanquished.

Vanquished Creatures (others)
  An orc (D:3)
1 creature vanquished.

Grand Total: 70 creatures vanquished

Notes
Turn   | Place    | Note
-------+----------+-------------------------------------------
     0 | D:1      | hatsuma the Deep Dwarf Artificer began the quest for the
                  | Orb.
     0 | D:1      | Reached XP level 1. HP: 16/16 MP: 1/1
    40 | D:1      | Reached skill level 1 in Fighting
   134 | D:1      | Reached XP level 2. HP: 22/25 MP: 2/2
   523 | D:2      | Noticed Terence
   568 | D:2      | Reached XP level 3. HP: 7/32 MP: 3/3
   842 | D:2      | Found a snail-covered altar of Cheibriados.
  1299 | D:2      | Reached XP level 4. HP: 14/39 MP: 4/4
  1349 | D:2      | Found a runed translucent door.
  1350 | D:2      | Noticed Crazy Yiuf
  1838 | D:3      | Reached XP level 5. HP: 33/45 MP: 5/5
  1945 | D:3      | Noticed Jessica
  1953 | D:3      | Killed Jessica
  2183 | D:3      | Found a faded altar of an unknown god.
  2319 | D:4      | Reached skill level 5 in Evocations
  2681 | D:4      | Reached XP level 6. HP: 30/52 MP: 6/6
  2714 | D:4      | Found a roughly hewn altar of Beogh.
  2770 | D:4      | Killed from afar by an orc priest

Illustrated notes

Levels and vault maps discovered:
D:1:      dpeg_arrival_rooms_a, layout_rooms, minmay_misc_feat_square,
          minmay_pentomino_p4
D:2:      layout_basic, kennysheep_slug_shrine, uniq_terence, uniq_natasha,
          uniq_crazy_yiuf_cottage
D:3:      layout_loops_ring, chequers_ecumenical_altar_simple, uniq_jessica
D:4:      layout_loops_corners, kennysheep_orc_chapel

Skill      XL: |  1  2  3  4  5 |
---------------+----------------+-----
Fighting       | 1 |  1.8
Stealth        | 2 3 |  3.0
Dodging        | 2 3 |  3.0
Armour         | 3 4 |  4.5
Evocations     | 5 |  5.7

Action                   |  1- 3 |  4- 6 || total
-------------------------+-------+-------++-------
Melee: Club              |    95 |       ||    95
       Dagger            |    74 |   127 ||   201
       Hand axe          |       |    34 ||    34
Throw: Javelin           |    19 |     2 ||    21
       Dart              |    18 |    17 ||    35
       Boomerang         |    11 |     9 ||    20
 Abil: Heal Wounds       |       |     2 ||     2
Evoke: Wand              |    13 |    12 ||    25
  Use: Scroll            |     2 |     2 ||     4
       Potion            |     1 |     1 ||     2
 Stab: Paralysed         |     1 |     1 ||     2
       Confused          |     1 |       ||     1
       Sleeping          |       |     1 ||     1
Armor: Leather armour    |    55 |     1 ||    56
       Chain mail        |       |    84 ||    84
       Ring mail         |       |     4 ||     4
Dodge: Dodged            |    98 |    64 ||   162

Table legend: (Time is in decaauts)
 A = Elapsed time spent in this place.
 B = Non-inter-level travel time spent in this place.
 C = Inter-level travel time spent in this place.
 D = Time resting spent in this place.
 E = Time spent auto-exploring this place.
 F = Levels seen in this place.
 G = Mean time per level.
                   A        B        C        D        E       F      G
               +--------+--------+--------+--------+--------+-----+--------+
         Total |   2828 |   2718 |    110 |    148 |      0 |   4 |  707.0 |
       Dungeon |   2828 |   2718 |    110 |    148 |      0 |   4 |  707.0 |
               +--------+--------+--------+--------+--------+-----+--------+

Top non-repeatable levels by time:
     D:2: 1115 daAuts
     D:3: 777 daAuts
     D:4: 490 daAuts
     D:1: 445 daAuts
